 Dungeon Crawl Stone Soup version 0.28-a0-1130-gc51a68064b (webtiles) character file.

Game seed: 6420359490812117827

1694 croobank the Nimble (level 8, 0/40 HPs)
             Began as a Felid Abyssal Knight on Dec 12, 2021.
             Was a Priest of Lugonu.
             Slain by a gnoll sergeant (2 damage)
             ... on level 7 of the Dungeon.
             The game lasted 00:54:39 (12399 turns).

croobank the Nimble (Felid Abyssal Knight)         Turns: 12399, Time: 00:54:39

Health: 0/40       AC:  2    Str: 11    XL:     8   Next: 72%
Magic:  13/13      EV: 27    Int: 11    God:    Lugonu [***...]
Gold:   405        SH:  0    Dex: 17    Spells: 6/7 levels left
                                        Lives:  0   Deaths: 2

rFire   . . .      SeeInvis +     - Unarmed
rCold   . . .      Faith    .   (shield unavailable)
rNeg    + . .      Spirit   .   (armour unavailable)
rPois   .          Reflect  .   (helmet unavailable)
rElec   .          Harm     .   (cloak unavailable)
rCorr   .          Rampage  .   (gloves unavailable)
Will    +....                   (boots unavailable)
Stlth   ++........              (no amulet)
HPRegen 0.13/turn               a - ring of positive energy
MPRegen 0.13/turn               o - +4 ring of evasion

@: quick
A: very small, claws 1, fangs 3, see invisible, speed 1, shaggy fur 2, stealthy
paws, no weapons or thrown items, no armour, multi-lived
a: Renounce Religion, Depart the Abyss, Bend Space, Banish


You were on level 7 of the Dungeon.
You worshipped Lugonu.
Lugonu was most pleased with you.
You visited 1 branch of the dungeon, and saw 8 of its levels.
You visited the Abyss 1 time.

You collected 405 gold pieces.

Inventory:

Missiles
 e - 214 stones
Jewellery
 a - a ring of positive energy (left paw)
 o - a +4 ring of evasion (right paw)
Wands
 g - a wand of digging (2)
 k - a wand of iceblast (11)
 l - a wand of flame (21)
 n - a wand of paralysis (7)
Potions
 b - a potion of curing
 c - a potion of cancellation
 d - a potion of brilliance {unknown}
 f - a potion of flight {unknown}
 h - a potion of might {unknown}
 i - 2 potions of magic
 j - a potion of berserk rage {unknown}


   Skills:
 + Level 7.1 Fighting
 + Level 9.0 Dodging
 + Level 6.7 Unarmed Combat
 + Level 6.6 Invocations


You had 6 spell levels left.
You knew the following spells:

 Your Spells              Type           Power      Damage    Failure   Level
a - Magic Dart            Conj           0%         1d3       34%         1

Your spell library contained the following spells:

 Spells                   Type           Power      Damage    Failure   Level
 Call Imp                 Summ           0%         N/A       47%         2
 Mephitic Cloud           Conj/Pois/Air  0%         N/A       71%         3
 Airstrike                Air            0%         N/A       98%         4
 Summon Lightning Spire   Summ/Air       0%         N/A       98%         4
 Lightning Bolt           Conj/Air       0%         1d11      100%        5


Dungeon Overview and Level Annotations

Branches:
Dungeon (8/15)             Temple (0/1) D:6
   Lair: D:8-11

Altars:
Kikubaaqudgha

Annotations:
D:3 Sigmund


Innate Abilities, Weirdness & Mutations

You have sharp claws.
You have razor-sharp teeth.
You have supernaturally acute eyesight. (SInv)
You cover ground quickly. (Speed+)
You are covered in thick fur. (AC +2)
Your paws help you pounce on unaware monsters.
You are incapable of wielding weapons or throwing items.
You cannot wear armour.
You gain extra lives every three experience levels.


Message History

You scratch the kobold but do no damage.
The kobold misses you.
You claw the kobold!
You kill the kobold!
Lugonu accepts your kill.
The gnoll sergeant hits you from afar with a +1 spear of freezing!
The gnoll sergeant freezes you.
The gnoll sergeant hits you from afar with a +1 spear of freezing!
* * * LOW HITPOINT WARNING * * *
The gnoll sergeant freezes you.
* * * LOW HITPOINT WARNING * * *
You climb upwards.
There is a stone staircase leading down, spattered with blood here.
You start resting.
HP restored.
You climb downwards.
The gnoll barely misses you. x2
The gnoll sergeant misses you.
There is a stone staircase leading up, spattered with blood here.
You claw the gnoll sergeant!
The gnoll sergeant is moderately wounded.
The gnoll completely misses you.
The gnoll sergeant completely misses you.
You claw the gnoll sergeant!
The gnoll sergeant is severely wounded.
The gnoll closely misses you.
The gnoll sergeant hits you with a +1 spear of freezing!
The gnoll sergeant freezes you. The gnoll completely misses you.
The gnoll sergeant hits you with a +1 spear of freezing.
The gnoll sergeant freezes you.
* * * LOW HITPOINT WARNING * * *
You climb upwards.
There is a stone staircase leading down, spattered with blood here.
The gnoll sergeant completely misses you.
There is a stone staircase leading up here.
You see here a +0 club.
The gnoll sergeant hits you from afar with a +1 spear of freezing!
* * * LOW HITPOINT WARNING * * *
The gnoll sergeant freezes you.
You die...

#.###.##.# #####.### #.#
#..).....# #..[....# #.######
#####'#### #.#####.# #.......
##...## #.# #.# #.#####.
##.....## #.# #.# ##.#####.
##..<....###.# #.# #........
#.........##.#####.######..#...#.
+.........'.....>.......[....[(..
#.........####..@.#######..#...#.
##.......## ##.#># #........
##.....## ###g# #.###.### ##...##
#.# #.###.### ##'## #.# #........
#.###########.# #####.###
#####.#.......).#.# #.#
........#.#.......# #.# #
####....#.#.###.### #.# #


You could see a gnoll sergeant.

Vanquished Creatures
  Joseph (D:7)
  A water moccasin (D:7)
  An orc warrior (D:7)
  A hornet zombie (D:3)
  A black bear (D:7)
  3 ogres
  2 necrophages
  A phantom (D:6)
  A kobold brigand (D:8)
  A bullfrog (D:7)
  3 scorpions
  A wyvern zombie (D:6)
  A wyvern skeleton (D:7)
  4 killer bees (D:8)
  3 wights
  A howler monkey (D:5)
  A hound (D:4)
  An orc priest (D:3)
  2 bullfrog skeletons
  A gnoll shaman (D:5)
  4 iguanas
  5 orc wizards
  2 killer bee zombies (D:8)
  7 adders
  8 gnolls
  2 shadow imps (D:7)
  2 white imps
  An ufetubus (D:7)
  An adder skeleton (D:4)
  4 dart slugs
  26 orcs
  8 ball pythons
  6 bats
  3 endoplasms
  3 giant cockroaches
  6 goblins
  9 hobgoblins
  7 jackals
  12 kobolds
  A quokka (D:3)
  3 frilled lizards
  4 rats
155 creatures vanquished.

Vanquished Creatures (others)
  A human (D:7)
  3 plants (D:8)
4 creatures vanquished.

Grand Total: 159 creatures vanquished

Notes
Turn   | Place    | Note
-------+----------+-------------------------------------------
     0 | Abyss:1  | croobank the Felid Abyssal Knight began the quest for the
                  | Orb.
     0 | Abyss:1  | Reached XP level 1. HP: 10/10 MP: 3/3
    45 | D:1      | Escaped the Abyss
   106 | D:1      | You fall into a shaft and drop 1 floor!
   401 | D:1      | Reached XP level 2. HP: 13/14 MP: 4/4
  1183 | D:1      | Found a faded altar of an unknown god.
  1705 | D:2      | Reached XP level 3. HP: 17/17 MP: 5/5
  1918 | D:2      | Reached skill level 4 in Dodging
  2148 | D:2      | Learned a level 1 spell: Magic Dart
  2197 | D:2      | Reached ** piety under Lugonu
  2648 | D:2      | Reached XP level 4. HP: 21/21 MP: 1/6
  3874 | D:3      | Noticed Sigmund
  3998 | D:3      | Reached XP level 5. HP: 21/25 MP: 8/8
  4093 | D:3      | HP: 1/25 [hornet zombie (13)]
  4101 | D:3      | HP: 1/37 [hornet zombie (1)]
  4593 | D:3      | Reached skill level 5 in Dodging
  4593 | D:3      | Gained mutation: You are covered in thick fur. (AC +2)
                  | [Felid growth]
  4593 | D:3      | Reached XP level 6. HP: 28/28 MP: 3/9
  5439 | D:5      | Entered Level 5 of the Dungeon
  6122 | D:5      | Reached XP level 7. HP: 27/33 MP: 6/11
  6302 | D:4      | Reached *** piety under Lugonu
  6907 | D:5      | Reached skill level 5 in Fighting
  6907 | D:5      | Reached skill level 6 in Dodging
  7477 | D:4      | Slain by an ogre
  7478 | D:4      | Reached XP level 6. HP: -5/30 MP: 10/10
  7514 | D:4      | Reached XP level 7. HP: 19/33 MP: 11/11
  8694 | D:6      | Reached skill level 5 in Unarmed Combat
  8694 | D:6      | Reached skill level 5 in Invocations
  8793 | D:6      | Found a staircase to the Ecumenical Temple.
  8809 | D:6      | Reached skill level 7 in Dodging
  9527 | D:7      | Reached XP level 8. HP: 38/38 MP: 13/13
  9749 | D:7      | Mangled by a wyvern skeleton
  9750 | D:7      | Reached XP level 7. HP: -6/34 MP: 12/12
  9755 | D:7      | Noticed Joseph
  9777 | D:7      | Killed Joseph
  9778 | D:7      | Reached skill level 8 in Dodging
 10251 | D:7      | Reached XP level 8. HP: 35/39 MP: 13/13
 10514 | D:7      | Found an ancient bone altar of Kikubaaqudgha.
 12051 | D:7      | Reached skill level 9 in Dodging
 12399 | D:7      | HP: 2/40 [gnoll sergeant (11)]
 12399 | D:7      | Slain by a gnoll sergeant

Illustrated notes

Levels and vault maps discovered:
D:1:      matt_arrival_refuge, layout_loops_corners,
          shapermc_ecumenical_altar_mp_vishouse, minmay_heptomino_o4
D:2:      minmay_skewed_foursquare, layout_loops_ring, st_stairs_13,
          grunt_decor_clamped, minmay_mini_jars
D:3:      layout_loops_ring, uniq_sigmund
D:4:      layout_basic
D:5:      layout_basic
D:6:      layout_basic, minmay_temple_entry_statues
D:7:      layout_loops_corners, tgw_kikubaaqudgha, uniq_joseph
D:8:      layout_basic, serial_bayou_lake_a

Skill      XL: |  1  2  3  4  5  6  7  8 |
---------------+-------------------------+-----
Invocations    | 2 3 4 6 |  6.6
Dodging        | 4 5 8 9 |  9.0
Unarmed Combat | 3 4 6 |  6.7
Fighting       | 4 6 7 |  7.1

Action                   |  1- 3 |  4- 6 |  7- 9 || total
-------------------------+-------+-------+-------++-------
Melee: Unarmed           |   120 |   174 |   410 ||   704
       Bite              |     8 |    18 |    38 ||    64
       Punch             |       |     7 |     8 ||    15
 Cast: Magic Dart        |     3 |    49 |    26 ||    78
Invok: Bend Space        |       |       |     1 ||     1
Evoke: Wand              |       |       |     3 ||     3
  Use: Potion            |     2 |     4 |     7 ||    13
       Scroll            |       |     7 |     4 ||    11
 Stab: Sleeping          |     4 |       |       ||     4
       Paralysed         |       |       |     4 ||     4
Armor: Skin              |     6 |    34 |    13 ||    53
Dodge: Dodged            |    86 |   136 |   399 ||   621

Table legend: (Time is in decaauts)
 A = Elapsed time spent in this place.
 B = Non-inter-level travel time spent in this place.
 C = Inter-level travel time spent in this place.
 D = Time resting spent in this place.
 E = Time spent auto-exploring this place.
 F = Levels seen in this place.
 G = Mean time per level.
                   A        B        C        D        E       F      G
               +--------+--------+--------+--------+--------+-----+--------+
         Total |  11253 |  11079 |    174 |   5481 |   3496 |   9 | 1250.3 |
       Dungeon |  11217 |  11043 |    174 |   5481 |   3496 |   8 | 1402.1 |
         Abyss |     36 |     36 |      0 |      0 |      0 |   1 |   36.0 |
               +--------+--------+--------+--------+--------+-----+--------+

Top non-repeatable levels by time:
     D:7: 2133 daAuts
     D:4: 1892 daAuts
     D:2: 1648 daAuts
     D:3: 1496 daAuts
     D:1: 1397 daAuts
     D:5: 1159 daAuts
     D:6: 863 daAuts
     D:8: 626 daAuts
 Abyss:1: 36 daAuts
